 Dungeon Crawl Stone Soup version 0.21-a0-227-g58a7c62 (webtiles) character file.

17 Gorglomux the Insei (level 2, -1/21 HPs)
             Began as a Gnoll Transmuter on Aug 30, 2017.
             Slain by a hobgoblin
             ... wielding a +0 hand axe
              (5 damage)
             ... on level 1 of the Dungeon.
             The game lasted 00:01:55 (801 turns).

Gorglomux the Insei (Gnoll Transmuter)               Turns: 801, Time: 00:01:56

Health: -1/21      AC:  2    Str:  7    XL:     2   Next: 62%
Magic:  6/6        EV: 12    Int:  7    God:
Gold:   40         SH:  0    Dex:  7    Spells: 5/8 levels left

rFire    . . .     SeeInvis .     - Unarmed
rCold    . . .     Gourm    .   (no shield)
rNeg     . . .     Faith    .   b - +0 robe
rPois    .         Spirit   .   (no helmet)
rElec    .         Reflect  .   (no cloak)
rCorr    .         Harm     .   (no gloves)
MR       .....                  (no boots)
Stlth    +.........             (no amulet)
HPRegen  0.07/turn              (no ring)
MPRegen  0.10/turn              (no ring)

@: no status effects
A: unchanging attributes, fangs 1, strong nose
a: no special abilities


You were on level 1 of the Dungeon.
You were not hungry.

You visited 1 branch of the dungeon, and saw 1 of its levels.

You collected 40 gold pieces.

Inventory:

Missiles
 a - 11 arrows
Armour
 b - a +0 robe (worn)
Scrolls
 e - a scroll of teleportation {unknown}
Books
 c - a book of Changes

   Spells                             Type                      Level
   a - Beastly Appendage              Transmutation                1
   b - Sticks to Snakes               Transmutation                2
   c - Spider Form                    Transmutation/Poison         3
   d - Ice Form                       Ice/Transmutation            4
   e - Blade Hands                    Transmutation                5
Comestibles
 d - a bread ration
 z - 2 meat rations
 A - 2 fruits
 B - 4 chunks of flesh


   Skills:
 - Level 1.3 Fighting
 - Level 2.6 Dodging
 - Level 4.0 Unarmed Combat
 + Level 3.6 Spellcasting
 + Level 3.6 Transmutations


You had 5 spell levels left.
You knew the following spells:

 Your Spells              Type           Power        Failure   Level  Hunger
a - Beastly Appendage     Tmut           #.....       8%          1    ##.....
b - Sticks to Snakes      Tmut           #.......     11%         2    ###....


Dungeon Overview and Level Annotations

Branches:
Dungeon (1/15)

Altars:


Innate Abilities, Weirdness & Mutations

Your physical attributes are unchanging.
You have very sharp teeth.
Your uncanny sense of smell can sniff out nearby items.


Message History

You pummel the hobgoblin like a punching bag!
The hobgoblin is almost butt!
You closely miss the hobgoblin!
The hobgoblin is butt dead!
The hobgoblin hits you with a hand axe!
You are too injured to fight recklessly!!!
The hobgoblin closely misses you!
You are too injured to fight recklessly!!!
You are too injured to fight recklessly!!!
You are too injured to fight recklessly!!!
Butt butt the hobgoblin but do no damage!
The hobgoblin is severely wounded!
The hobgoblin hits butt with a hand axe! * * * don't die
* * * A frilled lizard comes into view!
You closely miss the hobgoblin!
The hobgoblin is severely wounded!
The frilled lizard hisses angrily!
The hobgoblin hits you with a hand axe! rip

.# ..##.# ###'# ..#
######### ...l#...# #
#.#.#.#.#######)#.#...##
#.
#.#.#.#.#...............
##.#
........................
#.#
#.#.#.#.#.#####.........
#.#
#.#.#.#.#.....#g@.......
#.##
#########..##.#.########
##.# # #........##.#.#
#.# ###........##.#.# ##
#.# ...........##.#..
..). ##.
#....########.### ...#
## #....# #.# ######...#
# #....# #.###.........
#....# #..........#


You could see a hobgoblin and a frilled lizard.

Vanquished Creatures
  2 goblins (D:1)
  7 jackals (D:1)
  2 bats (D:1)
  2 frilled lizards (D:1)
  A kobold (D:1)
  A rat (D:1)
15 creatures vanquished.

Vanquished Creatures (collateral kills)
  A jackal (D:1)
1 creature vanquished.

Grand Total: 16 creatures vanquished

Notes
Turn   | Place    | Note
-------+----------+-------------------------------------------
     0 | D:1      | Gorglomux the Gnoll Transmuter began the quest for the Orb.
     0 | D:1      | Reached XP level 1. HP: 15/15 MP: 4/4
   129 | D:1      | Reached skill level 3 in Transmutations
   290 | D:1      | Reached XP level 2. HP: 7/21 MP: 3/6
   299 | D:1      | Learned a level 2 spell: Sticks to Snakes
   801 | D:1      | Slain by a hobgoblin

Vault maps used:
D:1:      dpeg_arrival_solitude, minmay_misc_feat_hallway

Skill      XL: |  1 |
---------------+----+-----
Transmutations | 3 |  3.6
Fighting       | |  1.3
Dodging        | |  2.6
Unarmed Combat | |  4.0
Spellcasting   | |  3.6

Action                   || total
-------------------------++-------
Melee: Unarmed           ||    53
       Kick              ||     6
 Cast: Beastly Appendage ||     8
       Sticks to Snakes  ||     1
Armor: Robe              ||     8
Dodge: Dodged            ||    36

Table legend:
 A = Spawn XP
 B = Non-spawn XP
 C = Spawn XP percentage of total XP
 D = Spawn monster count
 E = Non-spawn monster count
 F = Spawn count percentage of total count
 G = Total turns spent on level
                    A         B        C        D         E        F      G
               +---------+---------+-------+---------+---------+-------+---------
         Total |       3 |      22 |  12.0 |       2 |      14 |  12.5 |   801
               +---------+---------+-------+---------+---------+-------+---------
           D:1 |       3 |      22 |  12.0 |       2 |      14 |  12.5 |   801
               +---------+---------+-------+---------+---------+-------+---------
